 Dungeon Crawl Stone Soup version 0.17.0-26-gececa24 (webtiles) character file.

0 Gorice the Magician (level 1, -3/13 HPs)
             Began as a Demonspawn Wanderer on Nov 20, 2015.
             Slain by a gnoll
             ... wielding a +0 spear
              (6 damage)
             ... on level 1 of the Dungeon.
             The game lasted 00:00:39 (72 turns).

Gorice the Magician (Demonspawn Wanderer)             Turns: 72, Time: 00:00:39

Health: -3/13      AC:  2    Str: 11    XL:     1   Next: 8%
Magic:  3/4        EV: 11    Int: 15    God:
Gold:   0          SH:  0    Dex: 11    Spells: 1 memorised, 5 levels left

rFire  . . .     SeeInvis .     e - +0 club
rCold  . . .     Clarity  .     d - +0 robe
rNeg   . . .     SustAt   .     (no shield)
rPois  .         Gourm    .     (no helmet)
rElec  .         Spirit   .     (no cloak)
rCorr  .         Warding  .     (no gloves)
rMut   .         Stasis   .     (no boots)
MR     .....                    (no amulet)
Stlth  +.........               (no ring)
                                (no ring)

@: infused, not resistant to hostile enchantments, very unstealthy
A: no striking features
a: no special abilities


You were on level 1 of the Dungeon.
You were not hungry.

You visited 1 branch of the dungeon, and saw 1 of its levels.

Inventory:

Hand Weapons
 e - a +0 club (weapon)
Armour
 d - a +0 robe (worn)
Scrolls
 c - 2 scrolls of teleportation {!r}
Books
 a - a book of Battle
 b - the Tome of the Voyage

   Spells                             Type                      Level
   a - Apportation                    Translocation                1
   b - Blink                          Translocation                2
Comestibles
 f - a bread ration {!e}
 g - a meat ration {!e}


   Skills:
   Level 1.0 Shields
 + Level 3.0 Spellcasting
 * Level 2.7 Charms
   Level 1.0 Summonings
   Level 1.0 Transmutations
   Level 1.0 Evocations


You had 5 spell levels left.
You knew the following spells:

 Your Spells              Type           Power        Failure   Level  Hunger
a - Infusion              Chrm           ##....       10%         1    #......


Dungeon Overview and Level Annotations

Branches:
Dungeon (1/15)

Altars:


Message History

Welcome, Gorice the Demonspawn Wanderer.
The bosom of this dungeon contains the fabled artefact, the Orb of Zot.
Press ? for a list of commands and other information.
Found a staircase leading out of the dungeon.
Memorise Infusion, consuming 1 spell level and leaving 5?
You start memorising the spell.
You continue memorising.
You finish memorising.
Spell assigned to 'a'.
c - 2 scrolls of teleportation {!r} (gained 1)
You open the door.
There is an open door here.
There is an open door here.
g - a meat ration {!e} A bat and a gnoll come into view.
The gnoll shouts!
The bat barely misses you. The bat hits you but does no damage.
The bat hits you but does no damage.
You hit the bat.
You kill the bat!
No target in view!
No target in view!
No target in view!
No target in view!
The gnoll barely misses you.
You closely miss the gnoll. The gnoll hits you with a spear.
The gnoll hits you with a spear.
Damage: 7 (max 7)
You hit the gnoll but do no damage. The gnoll hits you with a spear.
* * * LOW HITPOINT WARNING * * *
Damage: 3 (max 7)
You are too injured to fight recklessly!
You are too injured to fight recklessly!
Casting: Infusion
Confirm with . or Enter, or press ? or * to list all spells.
You begin infusing your attacks with magical energy.
The gnoll hits you with a spear.
You die...

##### ###
.#$... ..#
.....##.#
#.#..#.##
.......
#####....#
.........#
#..g@#
.......#.#
..##...#.#
.....#.#
.......#.##
.......#..#
#.##...#..##
#. #...#...#
#.#.###.#


You could see a gnoll.

Vanquished Creatures
  A bat (D:1)
1 creature vanquished.

Notes
Turn   | Place    | Note
--------------------------------------------------------------
     0 | D:1      | Gorice the Demonspawn Wanderer began the quest for the Orb.
     0 | D:1      | Gorice set off with: a book of Battle, the Tome of the Voyage, a scroll of teleportation {!r}, a +0 robe, a +0 club, a bread ration {!e}
     0 | D:1      | Reached XP level 1. HP: 13/13 MP: 4/4
     0 | D:1      | Identified the Tome of the Voyage
     2 | D:1      | Learned a level 1 spell: Infusion
    71 | D:1      | HP: 3/13 [gnoll/spear (3)]
    72 | D:1      | Slain by a gnoll

Action                   || total
-------------------------++-------
Melee: Club              ||     3
 Cast: Infusion          ||     1

Table legend:
 A = Turns spent in this place as a percentage of turns spent in the entire game.
 B = Non-inter-level travel turns spent in this place as a percentage of non-inter-level travel turns spent in the entire game.
 C = Inter-level travel turns spent in this place as a percentage of turns spent in this place.
 D = Turns resting spent in this place as a percentage of non-inter-level travel turns spent in this place.
 E = Turns spent auto-exploring this place as a percentage of non-inter-level travel turns spent in this place.
 F = Non-inter-level travel turns spent in this place divided by the number of levels of this place that you've seen.
                   A       B       C       D       E      F
               +-------+-------+-------+-------+-------+----------------------
         Total | 100.0 | 100.0 |   0.0 |   0.0 |   4.5 |  22.0
       Dungeon | 100.0 | 100.0 |   0.0 |   0.0 |   4.5 |  22.0
               +-------+-------+-------+-------+-------+----------------------

Vault maps used:
D:1:      dpeg_arrival_round_a, serial_bayou_pond_c
